 Dungeon Crawl Stone Soup version 0.28.0-53-g5a82cb258f (webtiles) character file.

Game seed: 15877027774802137469

15 jiml777 the Magician (level 2, -1/15 HPs)
             Began as a Deep Elf Air Elementalist on June 15, 2022.
             Succumbed to a goblin's poison
             ... on level 1 of the Dungeon.
             The game lasted 00:04:02 (1156 turns).

jiml777 the Magician (Deep Elf Air Elementalist)    Turns: 1156, Time: 00:04:03

Health: -1/15      AC:  2    Str:  5    XL:     2   Next: 34%
Magic:  8/8        EV: 12    Int: 19    God:
Gold:   22         SH:  0    Dex: 15    Spells: 6/7 levels left

rFire   . . .      SeeInvis .   g - +0 dagger (freeze)
rCold   . . .      Faith    .   (no shield)
rNeg    . . .      Spirit   .   a - +0 robe
rPois   .          Reflect  .   (no helmet)
rElec   .          Harm     .   (no cloak)
rCorr   .          Rampage  .   (no gloves)
Will    .....                   (no boots)
Stlth   ++........              (no amulet)
HPRegen 0.05/turn               (no ring)
MPRegen 0.11/turn               (no ring)

@: lethally poisoned (-1 -> -12)
A: no striking features
a: no special abilities


You were on level 1 of the Dungeon.
You visited 1 branch of the dungeon, and saw 1 of its levels.

You collected 22 gold pieces.

Inventory:

Hand Weapons
 c - a +0 short sword
 g - a +0 dagger of freezing (weapon)
Missiles
 h - a throwing net
Armour
 a - a +0 robe (worn)
Scrolls
 b - 3 scrolls of identify {unknown}
 f - a scroll of amnesia {unknown}
 i - a scroll of enchant weapon {unknown}
Potions
 d - 2 potions of might {unknown}
 e - 2 potions of curing {unknown}


   Skills:
 + Level 2.6 Dodging
 + Level 2.5 Stealth
 + Level 3.3 Spellcasting
 + Level 1.2 Conjurations
 + Level 3.3 Air Magic


You had 6 spell levels left.
You knew the following spells:

 Your Spells              Type           Power      Damage    Failure   Level
a - Shock                 Conj/Air       48%        1d6       6%          1

Your spell library contained the following spells:

 Spells                   Type           Power      Damage    Failure   Level
 Static Discharge         Conj/Air       12%        N/A       9%          2
 Swiftness                Air            16%        N/A       11%         3
 Airstrike                Air            8%         N/A       36%         4


Dungeon Overview and Level Annotations

Branches:
Dungeon (1/15)

Altars:


Message History

You kill the goblin!
There is an open door here.
Things that are here:
a +0 dagger of freezing; a goblin corpse Your +0 dagger of freezing glows with a cold blue light!
g - a +0 dagger of freezing (weapon)
You start resting.
Magic restored.
You see here a rat corpse.
h - a throwing net
Found a leather armour.
i - a scroll labelled QAROWI NEUSEC You now have 22 gold pieces (gained 11).
There is an open door here.
You see here a goblin corpse.
Found a stone staircase leading down.
You open the door.
A rat and a goblin come into view.
The goblin is wielding a +0 dagger of venom.
The goblin shouts!
You hear a shout!
You hit the goblin. You freeze the goblin.
The goblin is heavily wounded.
The goblin hits you with a +0 dagger of venom.
You closely miss the goblin.
The goblin is heavily wounded.
The goblin hits you with a +0 dagger of venom.
You are poisoned.
You barely miss the goblin.
The goblin is heavily wounded.
You feel sick. The goblin hits you but does no damage.
You are lethally poisoned!
You hit the goblin. You freeze the goblin.
You kill the goblin!
You feel very sick.
* * * LOW HITPOINT WARNING * * *
You feel very sick. The rat misses you.
There is an open door here.
You see here a +0 dagger of venom.
You die...

.#### #...###.## ## .#..####
###.#..#.## # .#.....### ##
#...##...# ## .#.......## .#
###...#### #. .#........## .#
###..## ##. .#.........# #.
##.....## ###.. .#.........##
#r###.......###...#
............####)#...###...###..#
..............##@...## ##..##.#..
.#..........#....#..## ##...###..
.#.........#######...###...^.##.#
.#.........# # ##.......#....##
.#........## #. ##.....###.###
.#.......## #. ##..### ###
.......### #.###...# ### ....####
#.P'...## ##.### ..### #..###..##
##....#


You could see a rat.

Vanquished Creatures
  A ball python (D:1)
  A bat (D:1)
  4 goblins (D:1)
  A hobgoblin (D:1)
  2 kobolds (D:1)
  A quokka (D:1)
  3 rats (D:1)
13 creatures vanquished.

Notes
Turn   | Place    | Note
-------+----------+-------------------------------------------
     0 | D:1      | jiml777 the Deep Elf Air Elementalist began the quest for
                  | the Orb.
     0 | D:1      | Reached XP level 1. HP: 10/10 MP: 6/6
   508 | D:1      | Reached XP level 2. HP: 15/15 MP: 6/8
   722 | D:1      | Found a faded altar of an unknown god.
  1156 | D:1      | Succumbed to a goblin's poison

Illustrated notes

Levels and vault maps discovered:
D:1:      dpeg_cavernosity, layout_basic, shapermc_ecumenical_altar_totnotflames

Action                   || total
-------------------------++-------
Melee: Dagger            ||     4
 Cast: Shock             ||    26
Armor: Robe              ||     4
Dodge: Dodged            ||     4
